 Dungeon Crawl Stone Soup version 0.32-a0-132-g2d33c3cfaf (webtiles) character file.

Game seed: 269401563407554542

18295 MacCMillion the Thaumaturge (level 12, -1/91 HPs)
             Began as a Djinni Alchemist on Feb 9, 2024.
             Was a High Priest of Makhleb.
             Slain by an enormous slime creature (19 damage)
             ... on level 12 of the Dungeon.
             The game lasted 00:49:08 (15448 turns).

MacCMillion the Thaumaturge (Djinni Alchemist)     Turns: 15448, Time: 00:49:08

Health: -1/91      AC:  6    Str:  7    XL:     12   Next: 93%
Gold:   774        EV: 14    Int: 31    God:    Makhleb [*****.] SH:  0 Dex: 14

rFire   + + .        K - +2 dagger (elec)
rCold   x . .        (no shield)
rNeg    . . .        p - +0 leather armour
rPois   ∞            (no helmet)
rElec   .            (no cloak)
rCorr   .            O - +2 pair of gloves
SInv    +            (boots unavailable)
Will    +....        v - amulet of Altruism {RegenMP Int+3}
Stlth   ++           d - +6 ring of intelligence
HPRegen 0.35/turn    L - ring of see invisible
MPRegen 0.00/turn

%: infuse magic (-2 HP)
@: flying
A: sickness immunity, fire resistance 2, cold vulnerability 1, float, innate
caster, HP casting, extra vitality 1
a: Renounce Religion, Minor Destruction, Lesser Servant of Makhleb, Major
Destruction, Greater Servant of Makhleb


You were on level 12 of the Dungeon.
You worshipped Makhleb.
Makhleb was extremely pleased with you.
You visited 2 branches of the dungeon, and saw 13 of its levels.
You also visited: Ossuary.

You collected 774 gold pieces.

Inventory:

Hand Weapons
 b - a +0 short sword
 J - a +0 dagger of draining
 K - a +2 dagger of electrocution (weapon)
Armour
 a - a +0 robe
 p - a +0 leather armour (worn)
 O - a +2 pair of gloves (worn)
Jewellery
 d - a +6 ring of intelligence (left hand)
 h - a +6 ring of dexterity
 v - the amulet of Altruism (around neck) {RegenMP Int+3}
   (You found it on level 5 of the Dungeon)

   [amulet of magic regeneration]

   RegenMP:   It increases your rate of magic regeneration.
   Int+3:     It affects your intelligence (+3).
 C - a ring of protection from fire
 D - a ring of wizardry
 H - a +6 ring of strength
 L - a ring of see invisible (right hand)
 N - a ring of protection from cold
 P - a +6 ring of intelligence
Wands
 s - a wand of acid (13)
 t - a wand of paralysis (17)
 G - a wand of roots (15)
 R - a wand of flame (9)
Scrolls
 e - 3 scrolls of poison {unknown}
 g - a scroll of silence
 i - 4 scrolls of noise
 j - 4 scrolls of vulnerability
 k - 2 scrolls of enchant weapon {unknown}
 l - a scroll of fear
 m - 5 scrolls of amnesia {unknown}
 n - 2 scrolls of torment {unknown}
 q - a scroll of brand weapon
 w - 4 scrolls of enchant armour {unknown}
 y - 2 scrolls of teleportation
 E - a scroll of revelation {unknown}
 F - a scroll of fog {unknown}
 M - 7 scrolls of identify
 Q - a scroll of summoning {unknown}
 S - 3 scrolls of immolation {unknown}
Potions
 c - 2 potions of degeneration
 f - a potion of mutation {unknown}
 o - 7 potions of curing
 r - 2 potions of heal wounds
 u - 4 potions of ambrosia
 x - 6 potions of brilliance
 z - a potion of attraction {unknown}
 A - a potion of resistance {unknown}
 B - a potion of haste {unknown}
 I - a potion of enlightenment {unknown}


   Skills:
 - Level 10.0 Fighting
 - Level 6.0 Short Blades
 + Level 8.1 Dodging
 - Level 4.0 Stealth
 + Level 4.7 Unarmed Combat
 - Level 11.2 Spellcasting
 - Level 11.2 Conjurations
 - Level 11.2 Hexes
 - Level 11.2 Summonings
 - Level 11.2 Necromancy
 - Level 11.2 Translocations
 - Level 11.2 Fire Magic
 - Level 11.2 Ice Magic
 - Level 11.2 Air Magic
 - Level 11.2 Earth Magic
 - Level 11.2 Alchemy


You knew the following spells:

 Your Spells              Type           Power      Damage    Failure   Level
a - Sting                 Conj/Alch      100%       1d9       1%          1
b - Mercury Vapours       Alch/Air       100%       N/A       1%          2
c - Mephitic Cloud        Conj/Alch/Air  72%        N/A       1%          3
d - Olgreb's Toxic Radia  Alch           72%        N/A       1%          4
e - Sticky Flame          Fire/Alch      72%        2d12      1%          4
f - Apportation           Tloc           100%       N/A       1%          1
g - Lesser Beckoning      Tloc           100%       N/A       1%          2
h - Sigil of Binding      Hex            72%        N/A       1%          3
i - Passage of Golubria   Tloc           72%        N/A       1%          4
j - Yara's Violent Unrav  Hex/Alch       36%        3d15      1%          5
Your spell library was empty.

Dungeon Overview and Level Annotations

Branches:
Dungeon (12/15)            Temple (1/1) D:4            Lair (0/5) D:8
Ossuary (visited)
    Orc: D:9-12

Altars:
Ashenzari
Cheibriados
Dithmenos
Elyvilon
Fedhas
Gozag
Hepliaklqana
Makhleb
Nemelex Xobeh
Okawaru
Qazlal
Ru
Trog
Uskayaw
Wu Jian
Xom
Yredelemnul
Zin
The Shining One
Jiyva

Shops:
D:8 *   D:9 (   D:11 *

Portals:
Trove: D:10 (give +5 demon trident)

Annotations:
D:3 1 exclusion, Grinder, Natasha
D:7 exclusion: statue
D:8 1 transporter
D:12 1 transporter


Innate Abilities, Weirdness & Mutations

You are immune to sickness and miasma.
You are immune to poison.
Your flesh is very heat resistant. (rF++)
You are vulnerable to cold. (rC-)
You float through the air rather than walking.
You learn spells naturally, not from books.
Your magical power is your life essence.
You have superior vitality. (+4 MHP)


Message History

The enormous slime creature burns!
The enormous slime creature shakes off the sticky flame as it moves.
Casting: Sticky Flame (safe; 1% risk of failure)
Confirm with . or Enter, or press ? or * to list all spells.
Aiming: Sticky Flame (safe; 1% risk of failure)
Press: ? - help, Shift-Dir - straight line, f/p - enormous slime creature
Aim: an enormous slime creature (severely wounded)
The sticky flame hits the enormous slime creature!
The enormous slime creature is severely wounded.
The enormous slime creature burns!
The enormous slime creature hits you!
The enormous slime creature burns!
The enormous slime creature burns!
The enormous slime creature shakes off the sticky flame as it moves.
Casting: Sticky Flame (safe; 1% risk of failure)
Confirm with . or Enter, or press ? or * to list all spells.
Aiming: Sticky Flame (safe; 1% risk of failure)
Press: ? - help, Shift-Dir - straight line, f/p - enormous slime creature
Aim: an enormous slime creature (severely wounded)
The sticky flame hits the enormous slime creature.
The enormous slime creature is almost dead.
The enormous slime creature burns!
The enormous slime creature hits you!!!
* * * LOW HITPOINT WARNING * * *
The enormous slime creature burns!
The enormous slime creature shakes off the sticky flame as it moves.
The enormous slime creature attacks as it pursues you!
The enormous slime creature barely misses you.
Casting: Sticky Flame (safe; 1% risk of failure)
Confirm with . or Enter, or press ? or * to list all spells.
Aiming: Sticky Flame (safe; 1% risk of failure)
Press: ? - help, Shift-Dir - straight line, f/p - enormous slime creature
Aim: an enormous slime creature (almost dead)
The sticky flame hits the enormous slime creature!
The enormous slime creature is almost dead.
* * * LOW HITPOINT WARNING * * *
The enormous slime creature burns!
The enormous slime creature misses you.
The enormous slime creature burns!
The enormous slime creature shakes off the sticky flame as it moves.
The enormous slime creature attacks as it pursues you!
The enormous slime creature hits you!!
You die...

ß###ß#.## #####...# #.# ........#
#.# ß...ß #.# ..!...# #.# #...#
#.# .. ....#.#.# #...# #.# .#
#..#.#.###...## #.# J##
#....#†##ß...ß# #.# .ß
#.#.###.###...# #.# .#
#####.#.###.##....##########.# .#
............J@...........(...#
.#############.##################
.ß# #.# .## #.# .##### #.# ......
... ###### ###


You could see an enormous slime creature.

Vanquished Creatures
  Snorg (D:10)
  Erica (D:8)
  3 boulder beetles
  2 two-headed ogres
  Pikel (D:7)
  2 ugly things
  2 cyclopes
  2 manticores
  A gargoyle (D:12)
  Jeremiah (D:6)
  2 unseen horrors (D:11)
  A komodo dragon (D:8)
  A kobold demonologist (D:12)
  2 trolls
  A hornet (D:7)
  Prince Ribbit (D:5)
  2 slime creatures (D:11)
  A shadow (D:9)
  19 yaks
  A wraith (D:12)
  A vampire (D:11)
  Menkaure (Ossuary)
  3 water moccasins
  4 black bears
  2 ice beasts (D:8)
  3 sky beasts
  3 orc warriors
  An ogre (D:6)
  11 centaurs
  3 kobold brigands
  A lemure (D:7)
  7 bullfrogs
  3 gnoll sergeants
  2 scorpions
  13 killer bees
  7 howler monkeys
  2 bombardier beetles
  2 jellies
  5 orc priests
  A gnoll bouda (D:5)
  3 hounds
  2 sleepcaps
  Natasha (twice) (D:3)
  2 iguanas
  9 orc wizards
  3 mummies (Ossuary)
  16 gnolls
  3 adders
  A shadow imp (D:7)
  A white imp (D:7)
  4 ufetubi
  4 dart slugs
  A ribbon worm (D:2)
  35 orcs
  5 bats
  12 endoplasms
  3 giant cockroaches
  6 goblins
  6 hobgoblins
  3 jackals (D:1)
  22 kobolds
  3 quokkas
  7 ball pythons
  3 frilled lizards
  3 gnoll skeletons (Ossuary)
  4 gnoll zombies (Ossuary)
  8 goblin skeletons (Ossuary)
  8 goblin zombies (Ossuary)
  6 hobgoblin skeletons (Ossuary)
  3 hobgoblin zombies (Ossuary)
  5 kobold skeletons (Ossuary)
  5 kobold zombies (Ossuary)
  An orc skeleton (Ossuary)
  2 orc zombies (Ossuary)
  3 rats
  2 rat skeletons (Ossuary)
  3 rat zombies (Ossuary)
331 creatures vanquished.

Notes
Turn   | Place    | Note
-------+----------+-------------------------------------------
     0 | D:1      | MacCMillion the Djinni Alchemist began the quest for the
                  | Orb.
     0 | D:1      | MacCMillion set off with the following spells memorised:
                  | Sting, Mercury Vapours, Mephitic Cloud, Olgreb's Toxic
                  | Radiance, Sticky Flame.
     0 | D:1      | Reached XP level 1. HP: 15/15 MP: 0/0
   150 | D:1      | Reached XP level 2. HP: 20/21 MP: 0/0
   609 | D:1      | Reached XP level 3. HP: 20/25 MP: 0/0
   609 | D:1      | Learned a level 1 spell: Apportation
   849 | D:1      | Found a faded altar of an unknown god.
  1486 | D:2      | Reached XP level 4. HP: 30/31 MP: 0/0
  2387 | D:3      | Noticed Grinder
  2866 | D:3      | Noticed Natasha
  2959 | D:3      | Killed Natasha
  2960 | D:3      | Reached XP level 5. HP: 31/35 MP: 0/0
  2960 | D:3      | Learned a level 2 spell: Lesser Beckoning
  3119 | D:3      | Found a hide-covered altar of Uskayaw.
  3206 | D:3      | Noticed Natasha
  3214 | D:3      | Killed Natasha
  3265 | D:3      | Noticed Natasha
  3305 | D:4      | Found a staircase to the Ecumenical Temple.
  3324 | Temple   | Entered the Ecumenical Temple
  3362 | Temple   | Became a worshipper of Makhleb the Destroyer
  3670 | D:4      | Reached skill level 5 in Spellcasting
  3670 | D:4      | Reached skill level 5 in Conjurations
  3670 | D:4      | Reached skill level 5 in Hexes
  3670 | D:4      | Reached skill level 5 in Summonings
  3670 | D:4      | Reached skill level 5 in Necromancy
  3670 | D:4      | Reached skill level 5 in Translocations
  3670 | D:4      | Reached skill level 5 in Fire Magic
  3670 | D:4      | Reached skill level 5 in Ice Magic
  3670 | D:4      | Reached skill level 5 in Air Magic
  3670 | D:4      | Reached skill level 5 in Earth Magic
  3670 | D:4      | Reached skill level 5 in Alchemy
  4182 | D:4      | Reached skill level 1 in Fighting
  4182 | D:4      | Reached XP level 6. HP: 33/42 MP: 0/0
  4492 | D:5      | Entered Level 5 of the Dungeon
  4499 | D:5      | Identified the amulet of Altruism {RegenMP Int+3}
  4693 | D:5      | Found an ornate altar of the Wu Jian Council.
  4740 | D:5      | Reached XP level 7. HP: 39/49 MP: 0/0
  4740 | D:5      | Learned a level 3 spell: Sigil of Binding
  4858 | D:5      | Noticed a yak
  4858 | D:5      | Noticed a yak
  5006 | D:5      | Noticed Prince Ribbit
  5022 | D:5      | Killed Prince Ribbit
  5022 | D:5      | Reached * piety under Makhleb
  5053 | D:5      | Found a glowing golden altar of the Shining One.
  5122 | D:5      | Noticed a yak
  5125 | D:5      | Noticed a yak
  5129 | D:5      | Killed a yak
  5130 | D:5      | Reached XP level 8. HP: 40/54 MP: 0/0
  5135 | D:5      | Killed a yak
  5136 | D:5      | Reached skill level 1 in Short Blades
  5139 | D:5      | Killed a yak
  5144 | D:5      | Killed a yak
  5489 | D:6      | Reached XP level 9. HP: 47/61 MP: 0/0
  5489 | D:6      | Learned a level 4 spell: Passage of Golubria
  5790 | D:6      | Found a sand-covered staircase.
  5860 | Ossuary  | Entered an ossuary
  6087 | Ossuary  | Reached ** piety under Makhleb
  6435 | Ossuary  | Noticed Menkaure
  6594 | Ossuary  | Killed Menkaure
  6660 | Ossuary  | Reached *** piety under Makhleb
  7056 | D:6      | Reached skill level 5 in Fighting
  7096 | D:6      | Identified the +11 quarterstaff of Kitygu {flame, rN+ Str+2
                  | Dex-5}
  7115 | D:6      | Noticed Jeremiah
  7495 | D:6      | Reached skill level 5 in Short Blades
  7507 | D:6      | Killed Jeremiah
  7840 | D:7      | Reached XP level 10. HP: 54/72 MP: 0/0
  8145 | D:7      | Noticed Pikel
  8151 | D:7      | Killed Pikel
  8234 | D:7      | Found a shadowy altar of Dithmenos.
  8906 | D:8      | Reached **** piety under Makhleb
  8964 | D:8      | Noticed a purple ugly thing
  8983 | D:8      | Killed a purple ugly thing
  9304 | D:8      | Reached XP level 11. HP: 70/79 MP: 0/0
  9304 | D:8      | Learned a level 5 spell: Yara's Violent Unravelling
  9569 | D:8      | Found a staircase to the Lair.
  9591 | D:8      | Noticed Erica
  9598 | D:8      | Killed Erica
  9599 | D:8      | Reached skill level 5 in Dodging
  9851 | D:8      | Found Zin's Purification Station.
  9858 | D:8      | Found a glowing silver altar of Zin.
 10105 | D:8      | Found a transporter.
 10641 | D:9      | Found Citzuink's Antique Weapon Shop.
 10728 | D:9      | Noticed a boulder beetle
 10737 | D:9      | Killed a boulder beetle
 10921 | D:9      | Noticed a two-headed ogre
 10952 | D:9      | Killed a two-headed ogre
 11220 | D:9      | Identified the +0 robe of Itimieni {Harm MP-9 SInv}
 11607 | D:10     | Entered Level 10 of the Dungeon
 11724 | D:10     | Reached ***** piety under Makhleb
 11739 | D:10     | Noticed Snorg
 11758 | D:10     | Killed Snorg
 11759 | D:10     | Reached skill level 10 in Spellcasting
 11759 | D:10     | Reached skill level 10 in Conjurations
 11759 | D:10     | Reached skill level 10 in Hexes
 11759 | D:10     | Reached skill level 10 in Summonings
 11759 | D:10     | Reached skill level 10 in Necromancy
 11759 | D:10     | Reached skill level 10 in Translocations
 11759 | D:10     | Reached skill level 10 in Fire Magic
 11759 | D:10     | Reached skill level 10 in Ice Magic
 11759 | D:10     | Reached skill level 10 in Air Magic
 11759 | D:10     | Reached skill level 10 in Earth Magic
 11759 | D:10     | Reached skill level 10 in Alchemy
 11955 | D:10     | Found a portal to a secret trove of treasure.
 12010 | D:10     | You are sucked into a shaft and drop 2 floors!
 12114 | D:12     | Noticed a cyan ugly thing
 12131 | D:12     | Killed a cyan ugly thing
 12132 | D:12     | Reached XP level 12. HP: 74/91 MP: 0/0
 12501 | D:11     | Reached skill level 10 in Fighting
 13475 | D:11     | Found Ufesar's General Store.
 13598 | D:12     | Found a viscous altar of Jiyva.
 13871 | D:10     | Reached skill level 1 in Unarmed Combat
 14135 | D:10     | Noticed a two-headed ogre
 14149 | D:10     | Killed a two-headed ogre
 14991 | D:12     | Noticed a boulder beetle
 15003 | D:12     | Killed a boulder beetle
 15052 | D:12     | Found a transporter.
 15236 | D:12     | Noticed a boulder beetle
 15244 | D:12     | Killed a boulder beetle
 15448 | D:12     | Slain by an enormous slime creature

Illustrated notes

Levels and vault maps discovered:
D:1:      roderic_crop_circles_arrival_small, layout_loops_corners,
          shapermc_ecumenical_altar_ellora
D:2:      layout_basic
D:3:      layout_loops_ring, lemuel_tele_altar, uniq_grinder, uniq_natasha
D:4:      layout_cave_pods, minmay_temple_entry_glass
D:5:      layout_rooms, mainiacjoe_overflow_concentric_impassable,
          amcnicky_altar_gilded, uniq_prince_ribbit1
D:6:      layout_rooms, nicolae_ossuary_entry_plus, uniq_jeremiah
D:7:      layout_loops_corners, vehumet_statue, mainiacjoe_overflow_big_doors,
          serial_rivers, chequers_serial_rivers_small_b,
          chequers_serial_rivers_micro_b, chequers_serial_rivers_room_a,
          chequers_serial_rivers_large_a, chequers_serial_rivers_micro_a,
          uniq_pikel
D:8:      layout_loops_ring, zin_purify, due_lair_maze_entry_diamond,
          nicolae_diode_basic, uniq_erica
D:9:      layout_grid_maze, serial_shops, nicolae_shop_just_a_little_nook
D:10:     layout_roguey, nicolae_trove_entry_isolated, roderic_roman_lattice,
          uniq_snorg
D:11:     layout_gridville, serial_shops, shop
D:12:     gammafunk_jiyva_shrine, layout_basic, orc_0_dummy,
          serial_corexii_hall, corexii_hall_statues_t, corexii_hall_statues_x,
          chequers_hall_statues_corner_a, corexii_hall_statues_l,
          corexii_hall_statues_x, chequers_hall_statues_y
Temple:   regret_index_temple_generic_petals

Skill      XL: |  1  2  3  4  5  6  7  8  9 10 11 12 |
---------------+-------------------------------------+-----
Stealth        | 2 3 4 |  4.0
Spellcasting   | 4 5 7 8 9 10 11 | 11.2
Conjurations   | 4 5 7 8 9 10 11 | 11.2
Hexes          | 4 5 7 8 9 10 11 | 11.2
Summonings     | 4 5 7 8 9 10 11 | 11.2
Necromancy     | 4 5 7 8 9 10 11 | 11.2
Translocations | 4 5 7 8 9 10 11 | 11.2
Fire Magic     | 4 5 7 8 9 10 11 | 11.2
Ice Magic      | 4 5 7 8 9 10 11 | 11.2
Air Magic      | 4 5 7 8 9 10 11 | 11.2
Earth Magic    | 4 5 7 8 9 10 11 | 11.2
Alchemy        | 4 5 7 8 9 10 11 | 11.2
Fighting       | 1 2 3 5 7 9 10 | 10.0
Short Blades   | 3 5 6 |  6.0
Dodging        | 4 6 8 |  8.1
Unarmed Combat | 4 |  4.7

Action                     |  1- 3 |  4- 6 |  7- 9 | 10-12 || total
---------------------------+-------+-------+-------+-------++-------
  Melee: Short sword       |     4 |    14 |   190 |    37 ||   245
         Punch             |       |       |    16 |    22 ||    38
         Dagger            |       |       |       |   147 ||   147
         Unarmed           |       |       |       |     6 ||     6
   Cast: Sting             |    63 |    79 |    47 |    30 ||   219
         Mephitic Cloud    |       |     8 |    18 |    64 ||    90
         Mercury Vapours   |       |     3 |     6 |     6 ||    15
         Olgreb's Toxic Ra |       |     3 |    11 |    80 ||    94
         Sticky Flame      |       |       |    18 |    20 ||    38
         Yara's Violent Un |       |       |       |     4 ||     4
    Use: Scroll            |       |       |     6 |     5 ||    11
   Stab: Sleeping          |       |     1 |     1 |     1 ||     3
         Confused          |       |       |     4 |    28 ||    32
 Armour: Robe              |    11 |    10 |       |       ||    21
         Leather armour    |       |    10 |    83 |    91 ||   184
  Dodge: Dodged            |     6 |    25 |    84 |   112 ||   227

Table legend: (Time is in decaauts)
 A = Elapsed time spent in this place.
 B = Non-inter-level travel time spent in this place.
 C = Inter-level travel time spent in this place.
 D = Time resting spent in this place.
 E = Time spent auto-exploring this place.
 F = Levels seen in this place.
 G = Mean time per level.
                   A        B        C        D        E       F      G
               +--------+--------+--------+--------+--------+-----+--------+
         Total |  15369 |  14732 |    637 |   3740 |   8264 |  14 | 1097.8 |
       Dungeon |  14244 |  13681 |    563 |   3363 |   7997 |  12 | 1187.0 |
        Temple |     76 |      2 |     74 |      0 |      0 |   1 |   76.0 |
       Ossuary |   1048 |   1048 |      0 |    377 |    267 |   1 | 1048.0 |
               +--------+--------+--------+--------+--------+-----+--------+

Top non-repeatable levels by time:
    D:12: 1498 daAuts
     D:9: 1428 daAuts
     D:6: 1375 daAuts
     D:8: 1348 daAuts
     D:1: 1174 daAuts
     D:4: 1171 daAuts
    D:10: 1103 daAuts
     D:7: 1091 daAuts
    D:11: 1080 daAuts
     D:2: 1077 daAuts
     D:3: 1049 daAuts
 Ossuary: 1048 daAuts
     D:5: 846 daAuts
  Temple: 76 daAuts
